 Dungeon Crawl Stone Soup version 0.26-b1-32-g5d43845318 (webtiles) character file.

Game seed: 2988747393758661938

19117 Borgoz the Fighter (level 12, -5/110 HPs)
             Began as a Ghoul Gladiator on Jan 13, 2021.
             Was the Champion of Okawaru.
             Slain by a centaur warrior
             ... wielding a cursed +0 longbow
              (12 damage)
             ... on level 13 of the Dungeon.
             The game lasted 00:18:14 (10796 turns).

Borgoz the Fighter (Ghoul Gladiator)               Turns: 10796, Time: 00:18:15

Health: -5/110     AC: 20    Str: 34    XL:     12   Next: 65%
Magic:  11/11      EV: 15    Int:  7    God:    Okawaru [******]
Gold:   600        SH:  0    Dex: 11    Spells: 9/11 levels left

rFire    . . .     SeeInvis .   a - +2 morningstar (elec)
rCold    + . .     Faith    .   (no shield)
rNeg     + + +     Spirit   .   A - +4 scale mail of Autotheism {Harm Int+4 Stlth+}
rPois    ∞         Reflect  .   M - +1 helmet of the Doldrums {+Fly rElec Will++}
rElec    +         Harm     +   (no cloak)
rCorr    .         Rampage  .   i - +2 pair of gloves
Will     ++...                  f - +1 pair of boots
Stlth    +.........             j - amulet of regeneration
HPRegen  0.00/turn              K - +6 ring of strength
MPRegen  0.12/turn              n - +6 ring of strength

@: no status effects
A: claws 1, cold resistance 1, negative energy resistance 3, inhibited
regeneration, torment resistance, unbreathing
a: Renounce Religion, Evoke Flight, Heroism, Finesse


You were on level 13 of the Dungeon.
You worshipped Okawaru.
Okawaru was exalted by your worship.
You visited 2 branches of the dungeon, and saw 14 of its levels.

You collected 843 gold pieces.
You spent 243 gold pieces at shops.

Inventory:

Hand Weapons
 a - a +2 morningstar of electrocution (weapon)
 b - a +1 whip of electrocution
 m - the +9 short sword "Quyk" {pain, rF+ Str+4}
   (You found it on level 8 of the Dungeon)

   In the hands of one skilled in necromantic magic, it inflicts extra damage on
   living creatures.
   It affects your strength (+4).
   It protects you from fire.
Missiles
 d - 3 throwing nets (quivered)
Armour
 f - a +1 pair of boots (worn)
 i - a +2 pair of gloves (worn)
 A - the +4 scale mail of Autotheism (worn) {Harm Int+4 Stlth+}
   (You bought it in a shop on level 8 of the Dungeon)

   It affects your intelligence (+4).
   It increases damage dealt and taken.
   It makes you more stealthy.
 M - the +1 helmet of the Doldrums (worn) {+Fly rElec Will++}
   (You found it on level 11 of the Dungeon)

   It insulates you from electricity.
   It affects your willpower, your defense against some magical effects.
   It lets you fly.
Jewellery
 j - an amulet of regeneration (around neck)
 l - a +6 ring of dexterity
 n - a +6 ring of strength (right hand)
 r - an uncursed amulet of the acrobat
 t - an uncursed ring of fire
 y - an uncursed ring of flight
 E - the ring "Wity" {rC+ EV-4 Dex+2}
   (You found it on level 9 of the Dungeon)

   [ring of evasion]

   It affects your evasion (-4).
   It affects your dexterity (+2).
   It protects you from cold.
 H - an uncursed ring of see invisible
 K - a +6 ring of strength (left hand)
Wands
 o - a wand of acid (10)
 q - a wand of paralysis (7)
 x - a wand of iceblast (18)
Scrolls
 g - 3 scrolls of enchant armour
 p - 3 scrolls of fear
 s - 2 scrolls of remove curse
 v - 7 scrolls of teleportation
 z - a scroll of silence
 B - a scroll of blinking
 C - 2 scrolls of magic mapping
 G - a scroll of fog
Potions
 e - a potion of cancellation
 h - a potion of berserk rage {unknown}
 k - 2 potions of resistance
 u - a potion of flight {unknown}
 w - a potion of mutation {unknown}
 D - 2 potions of magic {unknown}
 F - a potion of might {unknown}
 J - 4 potions of haste


   Skills:
 * Level 11.4 Fighting
 * Level 9.9 Maces & Flails
 - Level 1.7 Throwing
 * Level 9.4 Armour
 * Level 9.9 Dodging


You had 9 spell levels left.
You knew the following spells:

 Your Spells              Type           Power        Failure   Level
a - Blink                 Tloc           N/A          77%         2

Your spell library contained the following spells:

 Spells                   Type           Power        Failure   Level
 Magic Dart               Conj           0%           63%         1
 Call Imp                 Summ           0%           77%         2
 Slow                     Hex            0%           77%         2
 Conjure Flame            Conj/Fire      0%           94%         3
 Mephitic Cloud           Conj/Pois/Air  0%           94%         3


Dungeon Overview and Level Annotations

Branches:
Dungeon (13/15)            Temple (1/1) D:5            Lair (0/6) D:11
    Orc (0/2) D:11
 Vaults: D:13-14

Altars:
Ashenzari
Cheibriados
Dithmenos
Elyvilon
Fedhas
Gozag
Hepliaklqana
Kikubaaqudgha
Makhleb
Nemelex Xobeh
Okawaru
Qazlal
Ru
Sif Muna
Trog
Uskayaw
Vehumet
Wu Jian
Xom
Yredelemnul
Zin
The Shining One
Lugonu

Shops:
D:7 (   D:8 [

Annotations:
D:9 2 transporters


Innate Abilities, Weirdness & Mutations

You thrive by killing the living.
You are immune to poison.
You have sharp fingernails.
Your flesh is cold resistant. (rC+)
You are immune to negative energy. (rN+++)
You do not regenerate when monsters are visible.
You are immune to unholy pain and torment.
You can survive without breathing.


Message History

* * * LOW HITPOINT WARNING * * *
You see here an arrow.
The centaur warrior shoots an arrow.
The arrow closely misses you.
The arrow hits the ogre!
The centaur warrior shoots an arrow.
The arrow hits you!
* * * LOW HITPOINT WARNING * * *
The centaur warrior shoots an arrow.
The arrow closely misses you.
The arrow hits the ogre!
The ogre dies!
Found 14 gold pieces.
You see here an arrow.
The centaur warrior shoots an arrow.
The arrow hits you.
* * * LOW HITPOINT WARNING * * *
The centaur warrior shoots an arrow.
The arrow hits you.
* * * LOW HITPOINT WARNING * * *
You see here an arrow.
The centaur warrior hits you but does no damage.
You closely miss the centaur warrior.
The centaur warrior hits you with a cursed +0 longbow!
You die...

#..../.......
#....)..#...
#####../.(.#
........(Z.#
####...(...#
#...(Y..#.#
#..Y.y..#.#
#..(....#.#
#..@#####.#
#..c#.....#
...)..# #####
........#
.#..$...#
.........
.#.......
.........


You could see a centaur warrior, 2 yaks, a hornet and a bullfrog zombie.

Vanquished Creatures
  A boulder beetle (D:12)
  A centaur warrior (D:13)
  5 two-headed ogres
  An unseen horror (D:10)
  An ugly thing (D:12)
  A cyclops (D:12)
  An elephant (D:11)
  Joseph (D:7)
  3 gargoyles
  5 centaur skeletons
  2 trolls
  2 hornets
  3 wraiths (D:11)
  11 yaks
  2 basilisks
  Grum (D:11)
  3 vampire mosquitoes (D:13)
  An acid dragon (D:11)
  A water moccasin (D:10)
  6 orc warriors
  A sky beast (D:9)
  4 ice beasts
  3 black bears
  A phantom (D:9)
  A necrophage (D:8)
  3 ogres
  8 centaurs
  3 wolves (D:11)
  4 big kobolds
  12 bullfrogs
  A gnoll sergeant (D:6)
  A wyvern zombie (D:8)
  3 scorpions
  2 wyvern skeletons
  11 killer bees
  10 wights (D:11)
  3 howler monkeys
  2 bullfrog zombies
  A bullfrog skeleton (D:4)
  A quasit (D:10)
  11 hounds
  4 jellies
  3 orc priests
  13 orc wizards
  5 iguanas
  Ijyb (D:3)
  8 worker ants
  2 hound zombies
  2 hound skeletons
  A worker ant zombie (D:6)
  13 adders
  3 gnolls (D:6)
  A white imp (D:5)
  3 ufetubi (D:5)
  2 oozes (D:2)
  An adder zombie (D:7)
  2 adder skeletons
  A worm (D:2)
  A dart slug (D:2)
  6 leopard geckos
  47 orcs
  5 giant cockroaches
  6 goblins
  10 hobgoblins
  5 jackals
  3 quokkas
  2 ball pythons
  4 bats
  A frilled lizard (D:2)
  A jackal skeleton (D:6)
  39 kobolds
  A quokka skeleton (D:7)
  6 rats
340 creatures vanquished.

Vanquished Creatures (others)
  An ogre (D:13)
  A wolf (D:11)
  25 plants (D:5)
27 creatures vanquished.

Grand Total: 367 creatures vanquished

Notes
Turn   | Place    | Note
-------+----------+-------------------------------------------
     0 | D:1      | Borgoz the Ghoul Gladiator began the quest for the Orb.
     0 | D:1      | Reached XP level 1. HP: 17/17 MP: 0/0
   436 | D:1      | Reached XP level 2. HP: 25/25 MP: 1/1
   926 | D:2      | Reached skill level 1 in Armour
   926 | D:2      | Reached XP level 3. HP: 30/30 MP: 2/2
  1760 | D:3      | Reached skill level 3 in Fighting
  1760 | D:3      | Reached XP level 4. HP: 38/38 MP: 3/3
  1977 | D:3      | Reached XP level 5. HP: 25/45 MP: 4/4
  2031 | D:3      | Noticed Ijyb
  2051 | D:3      | Killed Ijyb
  2743 | D:4      | Reached XP level 6. HP: 52/52 MP: 5/5
  2746 | D:4      | Learned a level 2 spell: Blink
  3266 | D:5      | Entered Level 5 of the Dungeon
  3282 | D:5      | Found a staircase to the Ecumenical Temple.
  3285 | D:5      | Noticed an ice beast
  3293 | D:5      | Killed an ice beast
  3294 | D:5      | Reached skill level 4 in Fighting
  3308 | Temple   | Entered the Ecumenical Temple
  3408 | Temple   | Became a worshipper of Warmaster Okawaru
  3546 | D:5      | Reached XP level 7. HP: 52/60 MP: 6/6
  3975 | D:5      | Reached * piety under Okawaru
  4017 | D:5      | Reached skill level 5 in Fighting
  4656 | D:6      | Reached XP level 8. HP: 13/68 MP: 7/7
  4692 | D:6      | Reached skill level 5 in Maces & Flails
  4696 | D:6      | Reached skill level 5 in Dodging
  5212 | D:6      | Reached ** piety under Okawaru
  5332 | D:7      | Noticed Joseph
  5346 | D:7      | Reached skill level 6 in Fighting
  5358 | D:7      | Killed Joseph
  5359 | D:7      | Reached XP level 9. HP: 36/78 MP: 8/8
  5533 | D:7      | Reached skill level 5 in Armour
  5684 | D:7      | Found Taerghu's Weapon Shop.
  5736 | D:7      | Reached skill level 7 in Fighting
  5746 | D:7      | Reached *** piety under Okawaru
  6037 | D:8      | Found Jokkeis's Antique Armour Emporium.
  6039 | D:8      | Bought a spiked scale mail for 243 gold pieces
  6049 | D:8      | Identified the +4 scale mail of Autotheism {Harm Int+4
                  | Stlth+} (You bought it in a shop on level 8 of the Dungeon)
  6261 | D:8      | Noticed a two-headed ogre
  6275 | D:8      | Killed a two-headed ogre
  6276 | D:8      | Reached XP level 10. HP: 54/88 MP: 9/9
  6370 | D:8      | Noticed a two-headed ogre
  6378 | D:8      | Killed a two-headed ogre
  6378 | D:8      | Reached **** piety under Okawaru
  6379 | D:8      | Reached skill level 8 in Fighting
  6600 | D:8      | Got a steaming short sword
  6601 | D:8      | Identified the +9 short sword "Quyk" {pain, rF+ Str+4} (You
                  | found it on level 8 of the Dungeon)
  7023 | D:9      | Found a hazy altar of Hepliaklqana.
  7224 | D:9      | Reached ***** piety under Okawaru
  7230 | D:9      | Found a stormy altar of Qazlal.
  7239 | D:9      | Reached skill level 9 in Fighting
  7287 | D:9      | Received a gift from Okawaru
  7375 | D:9      | Got a clouded wooden ring
  7377 | D:9      | Identified the cursed ring "Wity" {rC+ EV-4 Dex+2} (You
                  | found it on level 9 of the Dungeon)
  7554 | D:9      | Found a transporter.
  7554 | D:9      | Found a transporter.
  7556 | D:9      | Found a corrupted altar of Lugonu.
  7656 | D:9      | Noticed a red ugly thing
  7656 | D:9      | Noticed a red ugly thing
  7657 | D:9      | Noticed a white ugly thing
  7688 | D:10     | Entered Level 10 of the Dungeon
  7701 | D:10     | Reached XP level 11. HP: 97/97 MP: 10/10
  7738 | D:10     | Killed an unseen horror
  7789 | D:10     | Noticed a two-headed ogre
  7798 | D:10     | Killed a two-headed ogre
  8190 | D:10     | Reached skill level 10 in Fighting
  8588 | D:11     | Reached ****** piety under Okawaru
  8588 | D:11     | Received a gift from Okawaru
  8628 | D:11     | Noticed Grum
  8647 | D:11     | Killed Grum
  8798 | D:11     | Reached XP level 12. HP: 71/108 MP: 11/11
  8822 | D:11     | Received a gift from Okawaru
  8830 | D:11     | Found a staircase to the Orcish Mines.
  9108 | D:12     | Noticed a boulder beetle
  9117 | D:12     | Killed a boulder beetle
  9128 | D:12     | Received a gift from Okawaru
  9279 | D:12     | Noticed a two-headed ogre
  9287 | D:12     | Killed a two-headed ogre
  9303 | D:12     | Reached skill level 11 in Fighting
  9532 | D:12     | Noticed a two-headed ogre
  9539 | D:12     | Killed a two-headed ogre
  9669 | D:11     | Found a staircase to the Lair.
 10009 | D:11     | Got a brightly glowing helmet
 10020 | D:11     | Identified the +1 helmet of the Doldrums {+Fly rElec
                  | Will++} (You found it on level 11 of the Dungeon)
 10583 | D:13     | Noticed a centaur warrior
 10742 | D:13     | Killed a centaur warrior
 10786 | D:13     | Noticed a centaur warrior
 10796 | D:13     | Slain by a centaur warrior

Illustrated notes

Levels and vault maps discovered:
D:1:      dpeg_chamrin_arrival_tetris, layout_basic, hangedman_feature_mirror,
          roderic_roman_lattice
D:2:      layout_loops_ring
D:3:      layout_basic, hangedman_abyss_or_decor_stabs, uniq_ijyb
D:4:      layout_basic
D:5:      kennysheep_kobold_camp, layout_basic, minmay_temple_entry_purple_smoke
D:6:      layout_gridville
D:7:      layout_loops_ring, serial_shops, nicolae_shop_behind_doors,
          uniq_joseph
D:8:      minmay_skewed_foursquare, layout_basic, serial_shops, shop,
          hangedman_decor_growths, kennysheep_crisscross
D:9:      gammafunk_corrupted_shrine, layout_loops_ring, lemuel_round_altar,
          nicolae_qazlal_general_emergency
D:10:     layout_cave_pools, chequers_serial_rivers_micro_d
D:11:     layout_cave_pools, david_lair_generic, uniq_grum
D:12:     layout_roguey
D:13:     layout_big_octagon, serial_co_window_serial, co_window_cross_1,
          co_window_of_opportunity_a, co_window_paths_a, co_window_corner_a,
          co_window_corner_a, co_window_broadway_b, co_window_broadway_b,
          co_window_unsneaky_path_e, glass_columns_b, glass_columns_c,
          glass_columns_a, glass_columns_a, glass_columns_a
Temple:   grunt_wide_crystal_templ

Skill      XL: |  1  2  3  4  5  6  7  8  9 10 11 12 |
---------------+-------------------------------------+-----
Maces & Flails | 3 4 5 6 8 9 |  9.9
Armour         | 1 2 3 4 6 7 8 9 |  9.4
Dodging        | 3 4 5 6 8 9 |  9.9
Fighting       | 3 4 5 6 7 9 10 11 | 11.4
Throwing       | |  1.7

Action                   |  1- 3 |  4- 6 |  7- 9 | 10-12 || total
-------------------------+-------+-------+-------+-------++-------
Melee: Flail             |   120 |    65 |       |       ||   185
       Whip              |       |    89 |   342 |   255 ||   686
       Morningstar       |       |       |       |   425 ||   425
Throw: Throwing net      |       |       |     6 |     1 ||     7
  Use: Scroll            |       |       |    15 |    11 ||    26
       Potion            |       |       |     3 |     3 ||     6
 Stab: Invisible         |       |       |     3 |       ||     3
       Held in net/web   |       |       |     3 |     2 ||     5
Armor: Leather armour    |     8 |       |       |       ||     8
       Ring mail         |    36 |    77 |    99 |       ||   212
       Scale mail        |       |       |     3 |   367 ||   370
Dodge: Dodged            |    79 |   131 |   261 |   671 ||  1142
Block: Buckler           |       |       |       |     7 ||     7
